 Dungeon Crawl Stone Soup version 0.26-a0-652-gafc20e3620 (webtiles) character file.

Game seed: 17054937583728107181

20 Descartes the Grasshopper (level 2, -1/16 HPs)
             Began as a Deep Elf Wanderer on Oct 3, 2020.
             Slain by a goblin (4 damage)
             ... on level 1 of the Dungeon.
             The game lasted 00:01:31 (586 turns).

Descartes the Grasshopper (Deep Elf Wanderer)        Turns: 586, Time: 00:01:32

Health: -1/16      AC:  2    Str:  8    XL:     2   Next: 58%
Magic:  7/7        EV: 11    Int: 17    God:
Gold:   25         SH:  0    Dex: 14    Spells: 3/5 levels left

rFire    . . .     SeeInvis .   h - +3 dagger (venom)
rCold    . . .     Faith    .   (no shield)
rNeg     . . .     Spirit   .   d - +0 robe
rPois    .         Reflect  .   (no helmet)
rElec    .         Harm     .   (no cloak)
rCorr    .         Rampage  .   (no gloves)
MR       .....                  (no boots)
Stlth    ++........             (no amulet)
HPRegen  0.05/turn              (no ring)
MPRegen  0.10/turn              (no ring)

@: lethally poisoned (-1 -> -12)
A: no striking features
a: no special abilities


You were on level 1 of the Dungeon.
You visited 1 branch of the dungeon, and saw 2 of its levels.

You collected 25 gold pieces.

Inventory:

Hand Weapons
 a - a +0 dagger
 c - a +3 dagger of protection
 h - a +3 dagger of venom (weapon)
Missiles
 i - 4 stones (quivered)
Armour
 d - a +0 robe (worn)
Scrolls
 e - a scroll of fog {unknown}
 f - 5 scrolls of remove curse {unknown}
 g - a scroll of random uselessness {unknown}
Potions
 b - a potion of lignification


   Skills:
 - Level 1.0 Fighting
 - Level 2.0 Short Blades
 - Level 2.4 Stealth
 + Level 2.4 Spellcasting
 + Level 1.2 Conjurations
 + Level 3.6 Translocations
   Level 1.1 Poison Magic


You had 3 spell levels left.
You knew the following spells:

 Your Spells              Type           Power        Failure   Level
a - Magic Dart            Conj           #...         11%         1
b - Apportation           Tloc           ##....       4%          1

Your spell library contained the following spells:

 Spells                   Type           Power        Failure   Level
 Blink                    Tloc           N/A          6%          2
 Teleport Other           Tloc           ##......     12%         3
 Call Imp                 Summ           #.......     28%         2
 Slow                     Hex            #.......     28%         2
 Conjure Flame            Conj/Fire      #.......     38%         3
 Mephitic Cloud           Conj/Pois/Air  #.......     38%         3


Dungeon Overview and Level Annotations

Branches:
Dungeon (2/15)

Altars:


Message History

Unknown command.
You feel sick.
A goblin comes into view.
Things that are here:
a +3 dagger of venom; 4 stones
h - a +3 dagger of venom;
i - 4 stones The goblin shouts!
Your +3 dagger of protection goes still.
Your +3 dagger of venom begins to drip with poison!
h - a +3 dagger of venom (weapon)
You feel sick.
A goblin comes into view. It is wielding a +0 dagger.
You feel sick.
The goblin shouts!
The goblin hits you.
* * * LOW HITPOINT WARNING * * *
You barely miss the goblin.
* * * LOW HITPOINT WARNING * * *
You feel sick. The goblin hits you.
You die...

## #. . #. #.#.
#.#.### .
#.....# .# ..
##.#.....###...#
..
.........@g.g..#
##
#.#....)##......
#........# ###.#
.....#.#..# .#..
#.#.># ####
#.###.#.(# .....
# #...#.## #####
#...# #.###


You could see 2 goblins.

Vanquished Creatures
  An adder (D:1)
  A dart slug (D:1)
  2 goblins (D:1)
  2 hobgoblins (D:1)
  A bat (D:1)
  A frilled lizard (D:1)
  A kobold (D:1)
  2 rats (D:1)
11 creatures vanquished.

Notes
Turn   | Place    | Note
-------+----------+-------------------------------------------
     0 | D:1      | Descartes the Deep Elf Wanderer began the quest for the
                  | Orb.
     0 | D:1      | Descartes set off with the following items: a +0 dagger, a
                  | potion of lignification, a +0 robe; and the following
                  | spells available to memorise: Apportation, Blink, Teleport
                  | Other, Magic Dart, Call Imp, Slow, Mephitic Cloud, Conjure
                  | Flame
     0 | D:1      | Reached XP level 1. HP: 12/12 MP: 5/5
     2 | D:1      | Learned a level 1 spell: Magic Dart
     4 | D:1      | Learned a level 1 spell: Apportation
   306 | D:1      | You fall into a shaft and drop 1 floor!
   359 | D:1      | Reached skill level 1 in Conjurations
   359 | D:1      | Reached XP level 2. HP: 12/16 MP: 7/7
   586 | D:1      | Slain by a goblin

Illustrated notes

Levels and vault maps discovered:
D:1:      lightli_molten_gateway, layout_basic
D:2:      layout_basic, grunt_qazlal_sundering, uniq_robin, uniq_sigmund

Skill      XL: |  1 |
---------------+----+-----
Spellcasting   | 2 |  2.4
Conjurations   | 1 |  1.2
Fighting       | |  1.0
Short Blades   | |  2.0
Stealth        | |  2.4
Translocations | |  3.6
Poison Magic   | |  1.1

Action                   || total
-------------------------++-------
Melee: Dagger            ||    47
Armor: Robe              ||    12
Dodge: Dodged            ||    26

Table legend: (Time is in decaauts)
 A = Elapsed time spent in this place.
 B = Non-inter-level travel time spent in this place.
 C = Inter-level travel time spent in this place.
 D = Time resting spent in this place.
 E = Time spent auto-exploring this place.
 F = Levels seen in this place.
 G = Mean time per level.
                   A        B        C        D        E       F      G
               +--------+--------+--------+--------+--------+-----+--------+
         Total |    580 |    580 |      0 |      0 |    487 |   2 |  290.0 |
       Dungeon |    580 |    580 |      0 |      0 |    487 |   2 |  290.0 |
               +--------+--------+--------+--------+--------+-----+--------+

Top non-repeatable levels by time:
     D:1: 537 daAuts
     D:2: 42 daAuts
